 Dungeon Crawl Stone Soup version 0.13.0-18-g7b03ea5 (webtiles) character file.

131 Ragg the Cudgeler (level 4, 0/29 HPs)
             Began as a Gargoyle Berserker on Oct 23, 2013.
             Was a Believer of Trog.
             Slain by a goblin (2 damage)
             ... on Level 3 of the Dungeon on Oct 24, 2013.
             The game lasted 00:05:44 (1651 turns).

Ragg the Cudgeler (Gargoyle Berserker)              Turns: 1651, Time: 00:05:44

HP   0/29        AC 14     Str 21      XL: 4   Next: 49%
MP   3/3         EV  7     Int  7      God: Trog [**....]
Gold 45          SH  0     Dex 10      Spells:  0 memorised,  3 levels left

Res.Fire  : . . .   See Invis. : .   a - +0 mace
Res.Cold  : . . .   Warding    : .   d - +0 chain mail
Life Prot.: + . .   Conserve   : .   (no shield)
Res.Poison: +       Res.Corr.  : .   h - +1 wizard hat
Res.Elec. : +       Clarity    : .   (no cloak)
Sust.Abil.: . .     Spirit.Shd : .   (no gloves)
Res.Mut.  : .       Stasis     : .   r - +0 pair of boots (curse)
Res.Rott. : +       Flight     : .   (no amulet)
Saprovore : . . .                    (no ring)
                                     (no ring)

@: slightly resistant to hostile enchantments, extremely unstealthy
A: fangs 1, talons 2, life protection 1, electricity resistance, slow metabolism
1, unbreathing, petrification resistance, AC +3
a: Burn Spellbooks, Berserk, Trog's Hand, Renounce Religion


You were on level 3 of the Dungeon.
You worshipped Trog.
Trog was pleased with you.
You were near starving.

You visited 1 branch of the dungeon, and saw 3 of its levels.

You collected 25 gold pieces.

Inventory:

Hand weapons
 a - a +0,+0 mace (weapon)
Armour
 d - a +0 chain mail (worn)
 h - a +1 wizard hat (worn)
 r - a cursed +0 pair of boots (worn)
Comestibles
 c - a bread ration
 f - a choko
 l - an apple
Scrolls
 b - 2 scrolls of identify
 e - 3 scrolls of fear {unknown}
 g - 2 scrolls of remove curse {unknown}
 i - 2 scrolls of enchant armour {unknown}
 j - a scroll of blinking {unknown}
 m - 2 scrolls of random uselessness {unknown}
 o - 2 scrolls of noise {unknown}
 q - a scroll of enchant weapon I {unknown}
Potions
 k - 2 potions of heal wounds {unknown}
 n - 2 potions of invisibility {unknown}
 p - a potion of restore abilities {unknown}
 s - a potion of degeneration {unknown}


   Skills:
 + Level 4.2 Fighting
 + Level 4.3 Maces & Flails
 + Level 2.7 Armour
 + Level 1.9 Dodging


You had 3 spell levels left.
You didn't know any spells.

Dungeon Overview and Level Annotations

Branches:
Dungeon (3/27)

Altars:
Zin


Innate Abilities, Weirdness & Mutations

You are resistant to torment.
You are immune to poison.
Your stone body is very resilient (AC +3).
You have very sharp teeth.
You have razor-sharp toenails.
You resist negative energy.
You are resistant to electric shocks.
You have a slow metabolism.
You can survive without breathing.
You are immune to petrification.


Message History

The bat hits you but does no damage. The goblin hits you but does no damage.
The goblin hits you but does no damage. The bat hits you but does no damage.
The bat closely misses you. The goblin hits you but does no damage.
The goblin hits you but does no damage. The bat barely misses you.
The bat hits you but does no damage. The bat barely misses you.
The goblin hits you but does no damage. The bat closely misses you.
The goblin hits you but does no damage. The bat barely misses you.
The bat hits you but does no damage. The goblin hits you.
* * * LOW HITPOINT WARNING * * *
The bat hits you but does no damage. The goblin hits you but does no damage.
The bat hits you but does no damage. The goblin barely misses you.
The bat hits you but does no damage. The goblin closely misses you.
The bat hits you but does no damage. The goblin hits you but does no damage.
The bat hits you but does no damage. The goblin hits you but does no damage.
The bat hits you but does no damage. The goblin hits you but does no damage.
The bat hits you but does no damage. The goblin barely misses you.
The bat barely misses you. The goblin hits you.
You die...

#......#.......
#..#...#..###..
#..#.).#..#
#..#...#..#
#..#...#..#
#..#...#..#
#......#.
#......#
#..b@..#
#.###g.# #.#
..(.. #.#
....... #.#
....[.. #.#
...... #.#
..... #.# ....
#.# .


You could see a goblin and a bat.

Vanquished Creatures
  4 adders (D:2)
  A worm (D:2)
  3 giant geckos
  5 bats (D:1)
  A giant cockroach (D:1)
  3 goblins
  3 hobgoblins (D:1)
  8 kobolds
  2 giant newts (D:1)
  7 jackals
  5 rats
42 creatures vanquished.

Notes
Turn   | Place    | Note
--------------------------------------------------------------
     0 | D:1      | Ragg, the Gargoyle Berserker, began the quest for the Orb.
     0 | D:1      | Reached XP level 1. HP: 14/14 MP: 0/0
    77 | D:1      | Reached XP level 2. HP: 13/19 MP: 1/1
   234 | D:1      | Acquired Trog's second power
   344 | D:1      | Reached XP level 3. HP: 24/24 MP: 2/2
   596 | D:1      | Reached skill level 4 in Maces & Flails
   825 | D:2      | Found a glowing silver altar of Zin.
   877 | D:2      | Reached XP level 4. HP: 15/29 MP: 3/3
  1651 | D:3      | Slain by a goblin

Action                   |  1- 3 |  4- 6 || total
-------------------------+-------+-------++-------
Melee: Mace              |   108 |    24 ||   132
Invok: Berserk           |     1 |       ||     1
  Use: Scroll            |     1 |       ||     1
